 Dungeon Crawl Stone Soup version 0.26.1-11-gd32895ea62 (webtiles) character file.

Game seed: 14760235810044098053

7669 Pereza0 the Arsonist (level 11, -21/95 HPs)
             Began as a Hill Orc Fire Elementalist on June 9, 2021.
             Was an Elder of Beogh.
             Demolished by a reaper
             ... wielding a +4 vorpal scythe
              (26 damage)
             ... in a Gauntlet.
             The game lasted 00:41:45 (15155 turns).

Pereza0 the Arsonist (Hill Orc Fire Elementalist)  Turns: 15155, Time: 00:41:45

Health: -21/95     AC: 16    Str: 18    XL:     11   Next: 18%
Magic:  16/23      EV: 13    Int: 18    God:    Beogh [****..]
Gold:   624        SH:  0    Dex: 18    Spells: 1/14 levels left

rFire    . . .     SeeInvis .   r - +6 long sword of Grace {flame, rElec Str+2}
rCold    . . .     Faith    +   (no shield)
rNeg     . . .     Spirit   .   e - +4 leather armour of the Aged Dreams {Will++}
rPois    +         Reflect  .   R - +3 hat "Qouqohyora" {Will+}
rElec    +         Harm     .   k - +1 cloak {rPois}
rCorr    .         Rampage  .   y - +2 pair of gloves
Will     +++..     NoTele   +   (no boots)
Stlth    ++........             z - amulet of Xilopa {Faith +Inv rElec Str+2}
HPRegen  0.25/turn              g - +6 ring of dexterity
MPRegen  0.18/turn              M - ring of the Octopus King {MP+9 AC+1 EV+1 Str+1 Int+1 Dex+1}

@: mighty
A: no striking features
a: Renounce Religion, Evoke Invisibility, Smiting, Recall Orcish Followers


You were in a Gauntlet.
You worshipped Beogh.
Beogh was greatly pleased with you.
You visited 2 branches of the dungeon, and saw 11 of its levels.
You also visited: Sewer, Ossuary and Gauntlet.

You collected 624 gold pieces.

Inventory:

Hand Weapons
 b - a +1 dagger of venom
 h - a +2 vampiric spear
 r - the +6 long sword of Grace (weapon) {flame, rElec Str+2}
   (You found it in a sewer)

   It has been specially enchanted to burn those struck by it, causing extra
   injury to most foes and up to half again as much damage against particularly
   susceptible opponents.
   Big, fiery blades are also staple armaments of hydra-hunters.
   It affects your strength (+2).
   It insulates you from electricity.
Armour
 e - the +4 leather armour of the Aged Dreams (worn) {Will++}
   (You found it on level 5 of the Dungeon)

   It affects your willpower, your defense against some magical effects.
 k - a +1 cloak of poison resistance (worn)
 y - a +2 pair of gloves (worn)
 G - a cursed +0 robe
 R - the +3 hat "Qouqohyora" (worn) {Will+}
   (You found it in a Gauntlet)

   It affects your willpower, your defense against some magical effects.
 S - the cursed +0 pair of boots of Limited Liability {rC+++ rN++ Str+3 Int-5, unknown}
   (You found it in a Gauntlet)

   It affects your strength (+3).
   It affects your intelligence (-5).
   It renders you almost immune to cold.
   It greatly protects you from negative energy.
   It has a curse placed upon it.
Magical Staves
 p - an uncursed staff of poison
Jewellery
 g - a +6 ring of dexterity (left hand)
 z - the amulet of Xilopa (around neck) {Faith +Inv rElec Str+2}
   (You found it in an ossuary)

   [amulet of faith]

   It allows you to gain divine favour quickly.
   It affects your strength (+2).
   It insulates you from electricity.
   It lets you turn invisible.
 K - the amulet "Zuxesaq" {rPois Regen+ Int+4}
   (You found it on level 9 of the Dungeon)

   [amulet of regeneration]

   It affects your intelligence (+4).
   It protects you from poison.
   It increases your rate of regeneration.
 L - an uncursed ring of positive energy
 M - a ring of the Octopus King (right hand) {MP+9 AC+1 EV+1 Str+1 Int+1 Dex+1}
   (You took it off a wight on level 9 of the Dungeon)

   [ring of magical power]

   It affects your AC (+1).
   It affects your evasion (+1).
   It affects your strength (+1).
   It affects your intelligence (+1).
   It affects your dexterity (+1).
   It affects your magic capacity (+9).
 N - an uncursed ring of positive energy
Wands
 v - a wand of flame (8)
 H - a wand of polymorph (14)
 J - a wand of acid (4)
 P - a wand of random effects (14)
Scrolls
 f - 2 scrolls of immolation
 i - 7 scrolls of remove curse
 l - 3 scrolls of amnesia
 o - 4 scrolls of enchant armour
 t - 5 scrolls of teleportation
 w - 2 scrolls of random uselessness
 x - a scroll of fear
 A - a scroll of blinking {unknown}
 B - a scroll of magic mapping
 C - a scroll of noise {unknown}
 F - 2 scrolls of enchant weapon
 I - 2 scrolls of fog {unknown}
 O - a scroll of identify
Potions
 a - a potion of cancellation
 c - 2 potions of flight
 d - 5 potions of curing
 j - a potion of ambrosia
 m - 3 potions of might
 n - 2 potions of mutation
 q - 3 potions of degeneration {unknown}
 s - 4 potions of haste {unknown}
 u - 5 potions of heal wounds {unknown}
 D - a potion of brilliance {unknown}
 E - a potion of magic {unknown}
 Q - a potion of invisibility {unknown}


   Skills:
 + Level 8.9 Fighting
 - Level 7.1 Long Blades
 - Level 1.5 Dodging
 - Level 1.5 Stealth
 - Level 2.0 Spellcasting
 - Level 9.7 Conjurations
 - Level 11.0 Fire Magic


You had one spell level left.
You knew the following spells:

 Your Spells              Type           Power        Failure   Level
a - Foxfire               Conj/Fire      100%         1%          1
b - Conjure Flame         Conj/Fire      39%          1%          3
c - Sticky Flame          Conj/Fire      39%          3%          4
d - Fireball              Conj/Fire      19%          9%          5

Your spell library contained the following spells:

 Spells                   Type           Power        Failure   Level
 Magic Dart               Conj           100%         1%          1
 Searing Ray              Conj           72%          1%          2
 Inner Flame              Hex/Fire       21%          7%          3
 Dazzling Flash           Conj/Hex       38%          9%          3
 Mephitic Cloud           Conj/Pois/Air  13%          17%         3
 Fulminant Prism          Conj/Hex       9%           28%         4
 Iskenderun's Mystic Bla  Conj/Tloc      19%          28%         4
 Blink                    Tloc           N/A          32%         2
 Call Imp                 Summ           1%           32%         2
 Slow                     Hex            1%           32%         2


Dungeon Overview and Level Annotations

Branches:
Dungeon (10/15)            Temple (0/1) D:7            Lair (1/6) D:8
  Sewer (visited)         Ossuary (visited)         Gauntlet (1/1)
    Orc: D:9-12

Altars:
Cheibriados
Elyvilon
Okawaru
Zin

Annotations:
D:9 exclusion: obsidian statue Gauntlet 8 transporters, 6 runed translucent doors


Message History

Okay, then.
Okay, then.
Unknown command.
As you read the scroll labelled YFRIRE QONARGH, it crumbles to dust.
It is a scroll of enchant weapon.
Really abort (and waste the scroll)?
Your +1 vampiric spear glows red for a moment.
Okay, then.
Okay, then.
Unknown command.
Casting: Sticky Flame (dangerous; 3% risk of failure)
Confirm with . or Enter, or press ? or * to list all spells.
Aiming: Sticky Flame (dangerous; 3% risk of failure)
Press: ? - help, Shift-Dir - straight line, f/p - reaper
Aim: a reaper, wielding a +4 vorpal scythe (heavily wounded, 0% to evade)
The sticky flame hits the reaper.
The reaper is heavily wounded.
The reaper is covered in liquid flames!
The reaper burns!
The reaper hits you with a +4 vorpal scythe!!
You die...

#..#.#.:#.P.##
#..#.#.=#.♣..##....
#..#©#.©#..P..#.♣.#
#..#.#..#...♣.#...##
#..#.#.=#...P.#.©.. .
#.......#.....#...# ..
#########.....#.©.##.#
...........∩..#......#
#########.....#2@.#
#.##..###.....#...#
##..##.:#.....#.©...
#.##.#.[#...♣.#...##..
##.#©4#©#..P..#.♣.# ##
#.#.#.#.#.♣..##....
#.#..##.#.P.###. .#
##^##..##...≈##. .#
#########...≈≈#


You could see a reaper (burning).

Vanquished Creatures
  Erica (D:9)
  Erolcha (D:9)
  A hydra (Lair:1)
  2 trolls
  3 hornets (Gauntlet)
  3 water moccasins (Lair:1)
  Duvessa (D:6)
  3 ice beasts
  A sky beast (D:5)
  An orc warrior (D:6)
  2 phantoms
  A black bear (D:8)
  3 ogres
  4 centaurs
  4 bullfrogs
  Dowan (D:6)
  10 scorpions
  A water moccasin skeleton (D:5)
  8 wights
  A howler monkey (D:5)
  2 electric eels
  A bullfrog zombie (D:7)
  4 centaur zombies
  Crazy Yiuf (D:2)
  3 hounds (D:9)
  5 orc wizards
  A gnoll shaman (D:4)
  2 orc priests
  Terence (D:1)
  Jessica (D:2)
  6 worker ants
  An iguana (D:9)
  Natasha (twice) (D:2)
  3 big kobold zombies (Ossuary)
  A hound zombie (D:7)
  A hound skeleton (D:7)
  3 mummies (Ossuary)
  A worker ant zombie (D:10)
  10 gnolls
  2 river rats (D:5)
  5 scorpion zombies (Ossuary)
  18 adders
  A white imp (D:5)
  An ufetubus (D:5)
  2 adder zombies
  An adder skeleton (D:8)
  6 worms
  8 leopard geckos
  18 orcs
  3 bats
  9 giant cockroaches
  7 goblins
  8 hobgoblins
  9 jackals
  6 quokkas
  5 ball pythons
  11 frilled lizards
  A goblin zombie (Ossuary)
  3 hobgoblin zombies (Ossuary)
  6 kobolds
  A kobold zombie (Ossuary)
  2 orc zombies (Ossuary)
  5 rats
239 creatures vanquished.

Vanquished Creatures (collateral kills)
  A water moccasin (Lair:1)
  A black bear (D:10)
  A phantom (D:9)
  A bullfrog (Lair:1)
  A scorpion (D:10)
  A wight (D:9)
  A worker ant (D:10)
  An adder (D:10)
8 creatures vanquished.

Vanquished Creatures (others)
  2 orc warriors (Lair:1)
  2 orc priests
  3 orcs (Lair:1)
  A kobold (D:3)
  490 foxfires
498 creatures vanquished.

Grand Total: 745 creatures vanquished

Notes
Turn   | Place    | Note
-------+----------+-------------------------------------------
     0 | D:1      | Pereza0 the Hill Orc Fire Elementalist began the quest for
                  | the Orb.
     0 | D:1      | Reached XP level 1. HP: 14/14 MP: 3/3
   152 | D:1      | Reached XP level 2. HP: 17/20 MP: 0/4
   219 | D:1      | You fall into a shaft and drop 1 floor!
  1263 | D:2      | Reached skill level 4 in Fire Magic
  1263 | D:2      | Reached XP level 3. HP: 22/26 MP: 0/5
  1672 | D:2      | Noticed Natasha
  1685 | D:2      | Killed Natasha
  1686 | D:2      | Reached XP level 4. HP: 5/33 MP: 0/6
  1808 | D:2      | Noticed Natasha
  1943 | D:2      | Killed Natasha
  1996 | D:2      | Noticed Terence
  2002 | D:2      | Learned a level 3 spell: Conjure Flame
  2038 | D:1      | Killed Terence
  2216 | D:2      | Reached XP level 5. HP: 33/38 MP: 7/7
  2366 | D:2      | Found a runed translucent door.
  2367 | D:2      | Noticed Crazy Yiuf
  2546 | D:2      | Noticed Jessica
  2553 | D:2      | Killed Jessica
  2554 | D:2      | Reached skill level 5 in Fire Magic
  2885 | D:2      | Killed Crazy Yiuf
  3182 | D:3      | Reached XP level 6. HP: 45/45 MP: 1/8
  3648 | D:3      | Found an iron altar of Okawaru.
  3836 | D:3      | Became a worshipper of Beogh the Brigand
  3959 | D:4      | Learned a level 4 spell: Sticky Flame
  3986 | D:4      | Reached skill level 6 in Fire Magic
  4434 | D:4      | Found a glowing silver altar of Zin.
  4508 | D:4      | Reached XP level 7. HP: 42/50 MP: 9/9
  4524 | D:4      | Reached * piety under Beogh
  4527 | D:4      | Reached skill level 5 in Conjurations
  4892 | D:5      | Entered Level 5 of the Dungeon
  5057 | D:5      | Got a twisted leather armour
  5069 | D:5      | Identified the +4 leather armour of the Aged Dreams
                  | {Will++} (You found it on level 5 of the Dungeon)
  5091 | D:5      | Reached skill level 7 in Fire Magic
  5125 | D:5      | Found a glowing drain.
  5159 | Sewer    | Entered a sewer
  5357 | Sewer    | Reached ** piety under Beogh
  5389 | Sewer    | Reached XP level 8. HP: 57/57 MP: 6/10
  5393 | Sewer    | Got a masterwork long sword
  5394 | Sewer    | Identified the +6 long sword of Grace {flame, rElec Str+2}
                  | (You found it in a sewer)
  5768 | D:5      | Reached skill level 8 in Fire Magic
  6726 | D:6      | Noticed Duvessa
  6728 | D:6      | Noticed Dowan
  6742 | D:6      | Killed Duvessa
  6871 | D:6      | Killed Dowan
  7723 | D:6      | Reached skill level 9 in Fire Magic
  7858 | D:6      | Reached XP level 9. HP: 24/62 MP: 1/11
  8680 | D:7      | Found a staircase to the Ecumenical Temple.
  9153 | D:8      | Reached skill level 10 in Fire Magic
  9276 | D:8      | Found a sand-covered staircase.
  9283 | Ossuary  | Entered an ossuary
  9341 | Ossuary  | Reached skill level 1 in Long Blades
  9384 | Ossuary  | Reached *** piety under Beogh
  9473 | Ossuary  | Got a pitted diamond amulet
  9479 | Ossuary  | Identified the amulet of Xilopa {Faith +Inv rElec Str+2}
                  | (You found it in an ossuary)
  9923 | Ossuary  | Reached skill level 5 in Long Blades
 10227 | D:8      | Found a staircase to the Lair.
 10256 | D:8      | Found a white marble altar of Elyvilon.
 10638 | D:9      | Noticed a troll
 10801 | D:8      | Killed a troll
 10802 | D:8      | Reached XP level 10. HP: 10/69 MP: 0/12
 11127 | D:9      | Reached skill level 1 in Fighting
 11143 | D:9      | Noticed Erica
 11170 | D:9      | Killed Erica
 11331 | D:9      | Noticed Erolcha
 11356 | D:9      | HP: 2/77 [acid (10)]
 12117 | D:9      | Killed Erolcha
 12203 | D:9      | Noticed a torpor snail
 12205 | D:9      | Found a snail-covered altar of Cheibriados.
 12205 | D:9      | Noticed a torpor snail
 12210 | D:9      | Noticed a torpor snail
 12223 | D:9      | Reached **** piety under Beogh
 12335 | D:9      | Gained Koronagh as an ally
 12420 | D:9      | Noticed a rust devil
 12437 | D:9      | Your ally Koronagh died
 12507 | D:9      | Noticed an obsidian statue
 12514 | D:9      | Noticed a rust devil
 12582 | D:9      | Got a clouded lead amulet
 12593 | D:9      | Noticed a rust devil
 12629 | D:9      | Identified the amulet "Zuxesaq" {rPois Regen+ Int+4} (You
                  | found it on level 9 of the Dungeon)
 12752 | D:9      | Found the ring of the Octopus King {MP+9 AC+1 EV+1 Str+1
                  | Int+1 Dex+1}
 12814 | D:9      | Reached skill level 5 in Fighting
 12814 | D:9      | Reached skill level 11 in Fire Magic
 12910 | D:10     | Entered Level 10 of the Dungeon
 13008 | D:10     | Learned a level 5 spell: Fireball
 14245 | Lair:1   | Entered Level 1 of the Lair of Beasts
 14316 | Lair:1   | Noticed a seven-headed hydra
 14327 | Lair:1   | Killed a four-headed hydra
 14328 | Lair:1   | Reached XP level 11. HP: 48/92 MP: 14/14
 14348 | Lair:1   | Found a gate leading to a gauntlet.
 14531 | Gauntlet | Entered a Gauntlet
 14531 | Gauntlet | Found a transporter.
 14540 | Gauntlet | Found a transporter.
 14552 | Gauntlet | Found a runed translucent gate.
 14552 | Gauntlet | Found a runed translucent gate.
 14552 | Gauntlet | Found a runed translucent gate.
 14556 | Gauntlet | Found a transporter.
 14558 | Gauntlet | Found a transporter.
 14563 | Gauntlet | Noticed a green death
 14567 | Gauntlet | Found a runed translucent door.
 14570 | Gauntlet | Found a transporter.
 14581 | Gauntlet | Noticed a white ugly thing
 14581 | Gauntlet | Noticed a green ugly thing
 14584 | Gauntlet | Found a transporter.
 14594 | Gauntlet | Found a transporter.
 14596 | Gauntlet | Noticed a reaper
 14596 | Gauntlet | Noticed a great orb of eyes
 14602 | Gauntlet | Found a transporter.
 14602 | Gauntlet | Found a transporter.
 14612 | Gauntlet | Found a transporter.
 14613 | Gauntlet | Found a transporter.
 14613 | Gauntlet | Noticed a cacodemon
 14615 | Gauntlet | Found a transporter.
 14640 | Gauntlet | Found a runed translucent door.
 14642 | Gauntlet | Found a transporter.
 14644 | Gauntlet | Found a runed translucent door.
 14657 | Gauntlet | Found a transporter.
 14908 | Gauntlet | Got a translucent hat
 14914 | Gauntlet | Identified the +3 hat "Qouqohyora" {Will+} (You found it in
                  | a Gauntlet)
 15146 | Gauntlet | Got a pair of bloodstained boots
 15155 | Gauntlet | Demolished by a reaper

Illustrated notes

Levels and vault maps discovered:
D:1:      dpeg_arrival_renting, layout_basic, amcnicky_mini_rare_corridor_liquid
D:2:      layout_loops_corners, minmay_pentomino_u4, uniq_jessica, uniq_natasha,
          uniq_terence, uniq_crazy_yiuf_cottage
D:3:      layout_rooms, amcnicky_altar_gilded
D:4:      layout_rooms, zin_academy
D:5:      layout_layer_cave, lightli_sewer_entry_pipes
D:6:      layout_rooms, kennysheep_nondescript, minmay_curled_crystal,
          hangedman_decor_diamond_cutter, serial_bayou_pond_b, corexii_shack,
          uniq_duvessa
D:7:      layout_basic, minmay_temple_entry_statues
D:8:      layout_basic, dpeg_oklobed_lair, basic_altar,
          nicolae_ossuary_entry_ruins, nicolae_lava_and_water,
          chequers_serial_rivers_small_a
D:9:      minmay_statue_hallways, layout_irregular_city, cheibriados_altar_2,
          uniq_erica, uniq_erolcha
D:10:     layout_layer_cave
Lair:1:   lemuel_ratsnest, layout_cave_pods, gauntlet_entry_generic,
          chequers_serial_rivers_small_b, lemuel_oklob_altar,
          serial_bayou_shore_b, grunt_megastairs_5
Gauntlet: minmay_gauntlet_77_tree [minmay_gauntlet_arena_77_radiant_squares,
          minmay_gauntlet_arena_77_fan, minmay_gauntlet_arena_77_run_for_it,
          minmay_gauntlet_arena_77_shame_cube, minmay_gauntlet_arena_77_mess,
          minmay_gauntlet_arena_77_chump_sandwich,
          minmay_gauntlet_arena_77_path, gauntlet_exit_green]

Skill      XL: |  1  2  3  4  5  6  7  8  9 10 11 |
---------------+----------------------------------+-----
Conjurations   | 2 3 4 6 7 8 9 |  9.7
Fire Magic     | 4 5 6 7 9 10 11 | 11.0
Long Blades    | 7 |  7.1
Fighting       | 7 8 |  8.9
Spellcasting   | 2 |  2.0
Dodging        | |  1.5
Stealth        | |  1.5

Action                   |  1- 3 |  4- 6 |  7- 9 | 10-12 || total
-------------------------+-------+-------+-------+-------++-------
Melee: Dagger            |    29 |     8 |       |       ||    37
       Spear             |       |   127 |    36 |       ||   163
       Unarmed           |       |     1 |       |       ||     1
       Long sword        |       |       |   137 |    99 ||   236
 Cast: Foxfire           |    34 |    73 |   140 |    23 ||   270
       Conjure Flame     |       |     7 |     8 |     1 ||    16
       Sticky Flame      |       |       |    16 |    16 ||    32
Invok: Convert to Beogh  |       |     1 |       |       ||     1
       Smiting           |       |       |     1 |       ||     1
       Recall Orcish Fol |       |       |       |     6 ||     6
  Use: Potion            |       |     1 |       |     1 ||     2
       Scroll            |       |     5 |    11 |     3 ||    19
 Stab: Sleeping          |       |     1 |     2 |     1 ||     4
       Distracted        |       |       |     1 |       ||     1
Armor: Robe              |     2 |    19 |       |       ||    21
       Leather armour    |       |    12 |    89 |    65 ||   166
Dodge: Dodged            |    21 |    95 |   129 |    94 ||   339
       Rpst.: Long sword |       |       |    35 |    24 ||    59
